 Dungeon Crawl Stone Soup version 0.30.1-4-g462c640d31 (webtiles) character file.

Game seed: 11996327953435115250

58 croobank the Magician (level 3, -1/27 HPs)
             Began as an Armataur Hedge Wizard on Aug 25, 2023.
             Killed from afar by Robin (3 damage)
             ... with a puff of flame
             ... on level 2 of the Dungeon.
             The game lasted 00:06:01 (1488 turns).

croobank the Magician (Armataur Hedge Wizard)       Turns: 1488, Time: 00:06:01

Health: -1/27      AC:  4    Str: 14    XL:     3   Next: 76%
Magic:  6/7        EV:  9    Int: 20    God:
Gold:   164        SH:  0    Dex:  8    Spells: 5/8 levels left

rFire   + . .        a - +1 dagger (vamp)
rCold   + . .        (no shield)
rNeg    . . .        b - +0 robe
rPois   .            c - +0 hat
rElec   .            (no cloak)
rCorr   .            (no gloves)
SInv    +            (no barding)
Will    .....        (no amulet)
Stlth   ++           f - ring of protection from cold
HPRegen 0.24/turn    (no ring)
MPRegen 0.10/turn

%: clarity, roll
@: no status effects
A: large, rugged brown scales 3, deformed body, armoured tail, roll, long
tongue, awkward tongue, stinger 1, see invisible, clarity, clever 1, fire
resistance 1
a: no special abilities


You were on level 2 of the Dungeon.
You visited 1 branch of the dungeon, and saw 2 of its levels.

You collected 164 gold pieces.

Inventory:

Hand Weapons
 a - a +1 vampiric dagger (weapon)
Missiles
 j - 4 poisoned darts
Armour
 b - a +0 robe (worn)
 c - a +0 hat (worn)
Jewellery
 f - a ring of protection from cold (left hand)


   Skills:
 + Level 1.7 Dodging
 + Level 2.7 Stealth
 + Level 3.0 Spellcasting
 + Level 1.5 Conjurations
 + Level 1.3 Summonings
 + Level 1.6 Translocations


You had 5 spell levels left.
You knew the following spells:

 Your Spells              Type           Power      Damage    Failure   Level
a - Magic Dart            Conj           36%        1d4       8%          1
b - Blink                 Tloc           18%        N/A       11%         2

Your spell library contained the following spells:

 Spells                   Type           Power      Damage    Failure   Level
 Lesser Beckoning         Tloc           18%        N/A       11%         2
 Call Imp                 Summ           16%        N/A       12%         2
 Slow                     Hex            12%        N/A       14%         1
 Cigotuvi's Dreadful Rot  Necr/Pois/Air  6%         N/A       22%         2
 Gell's Gravitas          Tloc           9%         N/A       22%         3
 Teleport Other           Tloc           9%         N/A       22%         3
 Mephitic Cloud           Conj/Pois/Air  5%         N/A       34%         3


Dungeon Overview and Level Annotations

Branches:
Dungeon (2/15)

Altars:

Shops:
D:1 :

Annotations:
D:2 Robin


Innate Abilities, Weirdness & Mutations

You are completely covered in rugged brown scales. (AC +3, +7% HP)
Armour fits poorly on your strangely shaped body.
You have a long armoured tail.
You roll when moving toward enemies. (Rampage)
Your long tongue fully drains potion bottles. (2x potion effects)
Your tongue gives you trouble enunciating. (1.5x scroll delay)
Your tail ends in a venomous barb.
You have supernaturally acute eyesight. (SInv)
You possess an exceptional clarity of mind.
Your mind is acute. (Int +4, Str/Dex -1)
Your flesh is heat resistant. (rF+)


Message History

Robin hits you with a +0 mace.
* * * LOW HITPOINT WARNING * * *
Casting: Blink (safe; 11% risk of failure)
Confirm with . or Enter, or press ? or * to list all spells.
Aiming: Magic Dart (safe; 8% risk of failure)
Press: ? - help, Shift-Dir - straight line, f/p - Robin
Aim: Robin, wielding a +0 mace, wearing a +0 animal skin, wearing a +0 helmet and carrying a wand of flame (19) (moderately wounded, 100% to hit)
The magic dart hits Robin but does no damage.
Robin is moderately wounded.
Robin hits you with a +0 mace.
* * * LOW HITPOINT WARNING * * *
Casting: Magic Dart (safe; 8% risk of failure)
Confirm with . or Enter, or press ? or * to list all spells.
Aiming: Magic Dart (safe; 8% risk of failure)
Press: ? - help, Shift-Dir - straight line, f/p - Robin
Aim: Robin, wielding a +0 mace, wearing a +0 animal skin, wearing a +0 helmet and carrying a wand of flame (19) (moderately wounded, 100% to hit)
The magic dart hits Robin but does no damage.
Robin is moderately wounded.
You feel stable enough to blink again. Robin hits you with a +0 mace.
* * * LOW HITPOINT WARNING * * *
Casting: Magic Dart (safe; 8% risk of failure)
Confirm with . or Enter, or press ? or * to list all spells.
Okay, then.
You aren't carrying any potions.
As you slowly read the scroll labelled YWAOXZ GOYMEODOD, it crumbles to dust.
You feel a surge of unholy energy.
Robin convulses!
It was a scroll of torment.
Robin misses you.
You hit Robin.
You feel better.
Robin is severely wounded.
Robin hits you with a +0 mace.
* * * LOW HITPOINT WARNING * * *
You hit Robin but do no damage.
Robin is severely wounded.
Robin zaps a wand.
The puff of flame hits you. You resist.
* * * LOW HITPOINT WARNING * * *
You hit Robin.
You feel better.
You tail-slap Robin.
Robin is poisoned.
Robin is almost dead.
Robin zaps a wand.
The puff of flame hits you. You resist.
You die...

...## ##...# ..##
##..# .## ##.####
## ##...#
##...†####
##.....)..#
##......##.#####
#.......##.....#
##..##@g######.#
#.......†.)....#
#...##...######.#
.... #...# #.#
#.... ## #.#
#.#..##.##g#####.#
.<...............#
........##.>######
.##..g. #..#


You could see Robin (poisoned).

Vanquished Creatures
  2 adders (D:2)
  A dart slug (D:1)
  3 ball pythons (D:1)
  3 bats (D:1)
  5 endoplasms (D:1)
  A giant cockroach (D:1)
  10 goblins (D:2)
  4 hobgoblins
  A quokka (D:1)
  A frilled lizard (D:1)
  A kobold (D:1)
  A rat (D:2)
33 creatures vanquished.

Notes
Turn   | Place    | Note
-------+----------+-------------------------------------------
     0 | D:1      | croobank the Armataur Hedge Wizard began the quest for the
                  | Orb.
     0 | D:1      | Reached XP level 1. HP: 14/14 MP: 4/4
   126 | D:1      | Reached skill level 1 in Conjurations
   303 | D:1      | Reached skill level 1 in Summonings
   303 | D:1      | Reached XP level 2. HP: 21/21 MP: 5/5
   309 | D:1      | Learned a level 2 spell: Blink
   325 | D:1      | Found Oferent's Book Shop.
  1340 | D:2      | Reached XP level 3. HP: 22/27 MP: 7/7
  1400 | D:2      | Noticed Robin
  1403 | D:2      | Gained mutation: You possess an exceptional clarity of
                  | mind. [potion of mutation]
  1403 | D:2      | Gained mutation: You have supernaturally acute eyesight.
                  | (SInv) [potion of mutation]
  1403 | D:2      | Gained mutation: Your tail ends in a venomous barb. [potion
                  | of mutation]
  1403 | D:2      | Gained mutation: Your mind is acute. (Int +4, Str/Dex -1)
                  | [potion of mutation]
  1403 | D:2      | Gained mutation: Your flesh is heat resistant. (rF+)
                  | [potion of mutation]
  1444 | D:2      | Reached skill level 3 in Spellcasting
  1481 | D:2      | Identified a scroll of acquirement
  1481 | D:2      | Acquired a +2 barding of stealth
  1487 | D:2      | HP: 1/27 [Robin/puff of flame (3)]
  1488 | D:2      | Killed from afar by Robin

Illustrated notes

Levels and vault maps discovered:
D:1:      dpeg_arrival_more_subterranean_lakeside_camping, layout_basic,
          serial_shops, shop, minmay_misc_feat_plants, st_stairs_10,
          kennysheep_decorative_pillar, minmay_misc_feat_x, kennysheep_doodads
D:2:      layout_loops_ring, kennysheep_pointless_box,
          nicolae_figureground_pulse, uniq_robin

Skill      XL: |  1  2  3 |
---------------+----------+-----
Conjurations   | 1 |  1.5
Summonings     | 1 |  1.3
Spellcasting   | 3 |  3.0
Dodging        | |  1.7
Stealth        | |  2.7
Translocations | |  1.6

Action                     || total
---------------------------++-------
  Melee: Dagger            ||   156
         Tailslap          ||     6
   Cast: Magic Dart        ||    28
         Blink             ||     1
    Use: Potion            ||     4
         Scroll            ||     2
   Stab: Sleeping          ||     5
 Armour: Robe              ||    50
         Skin              ||    91
  Dodge: Dodged            ||    54
